 Dungeon Crawl Stone Soup version 0.31-a0-819-gf6de2f5ab6 (webtiles) character file.

Game seed: 7679506092623878585

301 Kurtz the Chopper (level 6, -1/42 HPs)
             Began as an Octopode Fighter on Sept 25, 2023.
             Slain by a dart slug (2 damage)
             ... on level 4 of the Dungeon.
             The game lasted 00:01:54 (3268 turns).

Kurtz the Chopper (Octopode Fighter)                Turns: 3268, Time: 00:01:55

Health: -1/42      AC: -3    Str: 15    XL:     6   Next: 37%
Magic:  6/6        EV: 13    Int: 11    God:
Gold:   4          SH:  4    Dex: 13    Spells: 5/5 levels left

rFire   . . .        a - +0 war axe
rCold   . . .        b - +0 buckler
rNeg    . . .        (helmet restricted)
rPois   .            (no amulet)
rElec   .            (no ring)
rCorr   .            (no ring)
SInv    .            (no ring)
Will    .....        (no ring)
Stlth   ++           (no ring)
HPRegen 0.27/turn    (no ring)
MPRegen 0.10/turn    (no ring)
                     (no ring)

%: no passive effects
@: corroded
A: almost no armour, amphibious, 8 rings, camouflage 1, gelatinous body 1,
(nimble swimmer 1), tentacles
a: no special abilities


You were on level 4 of the Dungeon.
You visited 1 branch of the dungeon, and saw 4 of its levels.

You collected 139 gold pieces.
You spent 135 gold pieces at shops.

Inventory:

Hand Weapons
 a - a +0 war axe (weapon)
 p - a +1 rapier of venom
Armour
 b - a +0 buckler (worn)
Wands
 n - a wand of polymorph (9)
Scrolls
 d - 7 scrolls of identify
 g - 4 scrolls of teleportation
 h - a scroll of enchant armour {unknown}
 i - a scroll of immolation {unknown}
 m - a scroll of brand weapon {unknown}
Potions
 e - 3 potions of heal wounds {unknown}
 f - 2 potions of resistance {unknown}
 j - 3 potions of curing
 k - a potion of ambrosia {unknown}
 l - 2 potions of berserk rage
 o - a potion of degeneration {unknown}


   Skills:
 - Level 3.0 Fighting
 * Level 6.5 Axes
 - Level 3.0 Dodging
 - Level 3.0 Shields


You had 5 spell levels left.
You didn't know any spells.
Your spell library contained the following spells:

 Spells                   Type           Power      Damage    Failure   Level
 Magic Dart               Conj           0%         1d3       43%         1
 Necrotise                Necr           0%         1d4       43%         1
 Searing Ray              Conj           0%         2d4       56%         2
 Vampiric Draining        Necr           0%         2d6       80%         3
 Fulminant Prism          Conj/Hex       0%         3d5       99%         4
 Agony                    Necr           0%         N/A       100%        5


Dungeon Overview and Level Annotations

Branches:
Dungeon (4/15)
 Temple: D:4-7

Altars:
Cheibriados

Shops:
D:4 ?!


Innate Abilities, Weirdness & Mutations

You cannot wear most types of armour.
You are amphibious.
You can wear up to eight rings at the same time.
Your skin changes colour to match your surroundings (Stealth+).
Your rubbery body absorbs attacks. (AC +1, EV +1)
((You are camouflaged when in or above water. (Stealth+)))
You have tentacles for arms and can constrict up to eight enemies at once.


Message History

Unknown command.
A jelly comes into view.
There are monsters nearby!
There are monsters nearby!
Unknown command.
There are monsters nearby!
The helpless jelly fails to defend itself.
You hit the jelly.
Your tentacles burn!
The jelly is lightly wounded.
The jelly barely misses you.
Unknown command.
There are monsters nearby!
You completely miss the jelly. You squeeze the jelly.
The jelly is moderately wounded.
The jelly hits you. The acid corrodes you!
You are splashed with acid!
Unknown command.
You hit the jelly but do no damage. The acid corrodes you!
Your tentacles burn!
The jelly is moderately wounded.
The jelly hits you.
You are splashed with acid!
The jelly hits you.
You are splashed with acid!
* * * LOW HITPOINT WARNING * * *
There are monsters nearby!
You are too injured to fight recklessly!
Unknown command.
There are monsters nearby!
You are too injured to fight recklessly!
Unknown command.
There are monsters nearby!
You are too injured to fight recklessly!
Unknown command.
You feel better. The dart slug barely misses you. The jelly hits you.
* * * LOW HITPOINT WARNING * * *
You are splashed with acid!
* * * LOW HITPOINT WARNING * * *
You feel better. The jelly hits you.
* * * LOW HITPOINT WARNING * * *
You are splashed with acid!
* * * LOW HITPOINT WARNING * * *
The dart slug bites you.
You die...

......† #...
.....). ...#
.#.#### ...
.... ## ..#
.### ..## ..##
..# ...
#.###.# #
#..w@.#
.##.####.#J#
.........#.#
###.##...#..
#.#.#### #.#.#
#.#.# #.#.#
##.#.#######.#


You could see a jelly and a dart slug.

Vanquished Creatures
  An orc priest (D:4)
  2 hounds (D:4)
  A jelly (D:4)
  2 orc wizards
  Robin (D:2)
  4 adders
  3 worms
  3 dart slugs
  4 orcs
  6 bats
  3 endoplasms (D:2)
  A giant cockroach (D:2)
  8 goblins
  7 hobgoblins
  4 jackals
  5 kobolds
  2 quokkas (D:3)
  9 ball pythons
  4 frilled lizards
  4 rats
74 creatures vanquished.

Notes
Turn   | Place    | Note
-------+----------+-------------------------------------------
     0 | D:1      | Kurtz the Octopode Fighter began the quest for the Orb.
     0 | D:1      | Reached XP level 1. HP: 16/16 MP: 1/1
   219 | D:1      | Reached XP level 2. HP: 21/21 MP: 2/2
   283 | D:1      | Reached skill level 3 in Axes
   651 | D:2      | Reached XP level 3. HP: 26/26 MP: 3/3
   740 | D:2      | Identified the +2 helmet of Lavallua {rPois}
   740 | D:2      | Noticed Robin
   751 | D:2      | Killed Robin
   888 | D:2      | Reached skill level 4 in Axes
  1052 | D:2      | Reached XP level 4. HP: 31/31 MP: 4/4
  1434 | D:2      | Found a faded altar of an unknown god.
  2288 | D:3      | Reached skill level 5 in Axes
  2288 | D:3      | Reached XP level 5. HP: 34/36 MP: 5/5
  2681 | D:4      | Found Wanyc's Distillery.
  2692 | D:4      | Bought a potion of berserk rage for 50 gold pieces
  2692 | D:4      | Bought a potion of curing for 30 gold pieces
  2849 | D:4      | Reached skill level 6 in Axes
  2849 | D:4      | Reached XP level 6. HP: 12/42 MP: 6/6
  3205 | D:4      | Found a snail-covered altar of Cheibriados.
  3227 | D:4      | Found Luheufia's Magic Scroll Boutique.
  3235 | D:4      | Bought a scroll of identify for 22 gold pieces
  3235 | D:4      | Bought a scroll of teleportation for 33 gold pieces
  3266 | D:4      | HP: 2/42 [acid (11)]
  3268 | D:4      | Slain by a dart slug

Illustrated notes

Levels and vault maps discovered:
D:1:      erik_arrival_triangle_medium, layout_basic
D:2:      layout_loops_corners, chequers_ecumenical_altar_simple, uniq_robin
D:3:      layout_basic, dk_noncrumbling_3, chequers_serial_rivers_room_b
D:4:      layout_loops_ring, xom_butterflies, lemuel_crystal_altar,
          serial_shops, nicolae_shop_rolling_square, shop_fountains,
          nicolae_shop_just_a_little_nook, nicolae_diamond_shop,
          minmay_close_crescents

Skill      XL: |  1  2  3  4  5 |
---------------+----------------+-----
Axes           | 3 4 5 6 |  6.5
Fighting       | |  3.0
Dodging        | |  3.0
Shields        | |  3.0

Action                     |  1- 3 |  4- 6 || total
---------------------------+-------+-------++-------
  Melee: War axe           |    50 |    86 ||   136
         Constrict         |    13 |    20 ||    33
         Tentacles         |     5 |    10 ||    15
         Punch             |       |     1 ||     1
    Use: Potion            |       |     3 ||     3
   Stab: Sleeping          |     5 |    11 ||    16
 Armour: Skin              |    16 |    41 ||    57
  Dodge: Dodged            |    29 |    55 ||    84
  Block: Buckler           |     7 |    13 ||    20

Table legend: (Time is in decaauts)
 A = Elapsed time spent in this place.
 B = Non-inter-level travel time spent in this place.
 C = Inter-level travel time spent in this place.
 D = Time resting spent in this place.
 E = Time spent auto-exploring this place.
 F = Levels seen in this place.
 G = Mean time per level.
                   A        B        C        D        E       F      G
               +--------+--------+--------+--------+--------+-----+--------+
         Total |   3310 |   3211 |     99 |    473 |   2263 |   4 |  827.5 |
       Dungeon |   3310 |   3211 |     99 |    473 |   2263 |   4 |  827.5 |
               +--------+--------+--------+--------+--------+-----+--------+

Top non-repeatable levels by time:
     D:2: 1231 daAuts
     D:3: 902 daAuts
     D:4: 612 daAuts
     D:1: 563 daAuts
